 Dungeon Crawl Stone Soup version 0.30-a0-367-g839099abd5 (webtiles) character file.

Game seed: 6539271706419290914

12 BritishOli the Ducker (level 2, 22/22 HPs)
             Began as a Demonspawn Gladiator on Nov 18, 2022.
             Got out of the dungeon alive.
             The game lasted 00:00:13 (134 turns).

BritishOli the Ducker (Demonspawn Gladiator)         Turns: 134, Time: 00:00:14

Health: 22/22      AC:  4    Str: 14    XL:     2   Next: 20%
Magic:  2/2        EV: 12    Int:  9    God:
Gold:   18         SH:  0    Dex: 14    Spells: 1/1 levels left

rFire   . . .      SeeInvis .    a - +0 war axe
rCold   . . .      Faith    .    (no shield)
rNeg    . . .      Spirit   .    b - +0 leather armour
rPois   .          Reflect  .    c - +0 helmet
rElec   .          Harm     .    (no cloak)
rCorr   .          Rampage  .    (no gloves)
Will    .....                    (no boots)
Stlth   +.........               (no amulet)
HPRegen 0.23/turn                (no ring)
MPRegen 0.16/turn                (no ring)

@: no status effects
A: magic regeneration
a: no special abilities


You escaped.
You visited 1 branch of the dungeon, and saw 1 of its levels.

You collected 18 gold pieces.

Inventory:

Hand Weapons
 a - a +0 war axe (weapon)
Missiles
 d - 3 throwing nets (quivered)
 e - a javelin
Armour
 b - a +0 leather armour (worn)
 c - a +0 helmet (worn)
Scrolls
 f - a scroll of teleportation {unknown}


   Skills:
 + Level 2.2 Fighting
 + Level 2.8 Axes
 + Level 2.0 Throwing
 + Level 2.9 Dodging


You had one spell level left.
You didn't know any spells.
Your spell library was empty.

Dungeon Overview and Level Annotations

Branches:
Dungeon (1/15)

Altars:


Innate Abilities, Weirdness & Mutations

You regenerate magic rapidly.


Message History

Your Throwing skill increases to level 2!
You have reached level 2!
Your demonic ancestry asserts itself...
Your magic begins to regenerate rapidly.
You hit the ball python.
You kill the ball python!
A giant cockroach comes into view.
The rat misses you.
Unknown command.
You hit the rat but do no damage. The rat barely misses you.
Unknown command.
You hit the rat.
The rat is moderately wounded.
The rat closely misses you.
Unknown command.
You barely miss the rat.
The rat is moderately wounded.
You hit the kobold.
You kill the kobold!
The rat bites you but does no damage. The rat misses you.
Unknown command.
You closely miss the rat. The rat barely misses you.
The giant cockroach bites you but does no damage.
Unknown command.
You hit the giant cockroach.
You kill the giant cockroach!
You closely miss the rat. The rat bites you.
Unknown command.
You slash the rat!
You kill the rat!
Unknown command.
No target in view!
Unknown command.
Unknown command.
No target in view!
HP restored.
There is an open door here.
There is a staircase leading out of the dungeon here.
Are you sure you want to leave the Dungeon?
This will make you lose the game!
You have escaped!

##...###..###...##.....###
#### ##.# ######.#.#.###
######'#######.........
#...........###.#.#.###
#...........# #.....#
#..8.....8..# ###.###
#...........# #.#
#...........# #.#
#.....@.....# #.#
#...........# #.#
#...........#####.#####
#..8.....8..##........)
#...........##.##...##)
#...........## ###.# .
######+###### #.# . #.# .
#.# .


There were no monsters in sight!

Vanquished Creatures
  A dart slug (D:1)
  A ball python (D:1)
  A bat (D:1)
  A giant cockroach (D:1)
  2 goblins (D:1)
  A frilled lizard (D:1)
  A kobold (D:1)
  2 rats (D:1)
10 creatures vanquished.

Notes
Turn   | Place    | Note
-------+----------+-------------------------------------------
     0 | D:1      | BritishOli the Demonspawn Gladiator began the quest for the
                  | Orb.
     0 | D:1      | Reached XP level 1. HP: 16/16 MP: 1/1
    95 | D:1      | Gained mutation: You regenerate magic rapidly. [demonic
                  | ancestry]
    95 | D:1      | Reached XP level 2. HP: 17/22 MP: 2/2
   134 | D:$      | Got out of the dungeon alive.

Illustrated notes

Levels and vault maps discovered:
D:1:      psy_arrival_statuary, layout_loops_ring,
          dreamdust_ecumenical_altar_statues, minmay_hexomino_c4

Skill      XL: |  1 |
---------------+----+-----
Throwing       | 2 |  2.0
Fighting       | |  2.2
Axes           | |  2.8
Dodging        | |  2.9

Action                   || total
-------------------------++-------
Melee: War axe           ||    20
Armor: Leather armour    ||    14
Dodge: Dodged            ||    19

Table legend: (Time is in decaauts)
 A = Elapsed time spent in this place.
 B = Non-inter-level travel time spent in this place.
 C = Inter-level travel time spent in this place.
 D = Time resting spent in this place.
 E = Time spent auto-exploring this place.
 F = Levels seen in this place.
 G = Mean time per level.
                   A        B        C        D        E       F      G
               +--------+--------+--------+--------+--------+-----+--------+
         Total |    141 |    110 |     31 |      0 |     65 |   1 |  141.0 |
       Dungeon |    141 |    110 |     31 |      0 |     65 |   1 |  141.0 |
               +--------+--------+--------+--------+--------+-----+--------+

Top non-repeatable levels by time:
     D:1: 141 daAuts
